[ AOE2 MATCH · #468674238 ]
UnrankedSpanish vs Persians
[ REPLAY ANALYSIS · EXTRACTED FROM THE RECORDED GAME ]
Feudal
10:16
Castle
14:37
Imperial
—
| APM avg | 75.0 |
| APM peak | 133 |
| eAPM avg | 26.5 |
| Villagers / military | 42 / 6 |
Focus
⚔️ 22.8% · 🌾 77.2%
Conquistador ×6
Feudal
—
Castle
—
Imperial
—
| APM avg | 20.4 |
| APM peak | 41 |
| eAPM avg | 9.6 |
| Villagers / military | 16 / 0 |
Focus
⚔️ 21.9% · 🌾 78.1%
Feudal
—
Castle
—
Imperial
—
| APM avg | 32.1 |
| APM peak | 74 |
| eAPM avg | 9.5 |
| Villagers / military | 37 / 0 |
Focus
⚔️ 14.7% · 🌾 85.3%
Feudal
10:51
Castle
—
Imperial
—
| APM avg | 19.4 |
| APM peak | 52 |
| eAPM avg | 8.9 |
| Villagers / military | 41 / 17 |
Focus
⚔️ 15.8% · 🌾 84.2%
Archer ×16 · Spearman ×1
Feudal
13:13
Castle
—
Imperial
—
| APM avg | 47.3 |
| APM peak | 103 |
| eAPM avg | 20.2 |
| Villagers / military | 47 / 37 |
Focus
⚔️ 46.0% · 🌾 54.0%
Archer ×37
Feudal
13:31
Castle
—
Imperial
—
| APM avg | 61.5 |
| APM peak | 74 |
| eAPM avg | 23.3 |
| Villagers / military | 59 / 7 |
Focus
⚔️ 16.2% · 🌾 83.8%
Militia ×7
Feudal
12:39
Castle
17:08
Imperial
—
| APM avg | 37.6 |
| APM peak | 84 |
| eAPM avg | 12.3 |
| Villagers / military | 33 / 4 |
Focus
⚔️ 23.6% · 🌾 76.4%
Knight ×4
Feudal
12:38
Castle
—
Imperial
—
| APM avg | 30.4 |
| APM peak | 69 |
| eAPM avg | 10.6 |
| Villagers / military | 30 / 0 |
Focus
⚔️ 46.7% · 🌾 53.3%
Match map
Initial resources + every placement click. Lines = walls · curves = elevation contours. ◆ gold · ⬟ stone · ● berries · ✦ relic · ◌ wall gap
Your base· Open — unwalled flank
Gordon Freeman's base· Open — unwalled flank
Sairax's base· Open — unwalled flank
Blackacre_Manor's base· Open — 15t gap
DSLG zlMataMoscaslz's base· Open — 8t gap
qq26227322qq's base· Open — unwalled flank
ἈΔΕΛΦΌΣ's base· ✓ Closed at 17:08 · 46t walls · 1 gate(s)
How you doin''s base· Open — unwalled flank
Smoothed initial terrain · ◌ = detected wall gap · hover for details
Inputs per minute
— a110919682530a - - Gordon Freeman
Build order — a110919682530a
78 actions detected in the replay
| 0:02 | Create | Villager (Male) |
| 0:02 | Create | Villager (Male) |
| 0:02 | Create | Villager (Male) |
| 0:03 | Create | Villager (Male) |
| 0:03 | Create | Villager (Male) |
| 0:04 | Build | House |
| 0:06 | Build | House |
| 1:24 | Create | Villager (Male) |
| 1:24 | Create | Villager (Male) |
| 2:12 | Create | Villager (Male) |
| 2:13 | Create | Villager (Male) |
| 2:13 | Create | Villager (Male) |
| 3:06 | Create | Villager (Male) |
| 3:06 | Create | Villager (Male) |
| 3:17 | Create | Villager (Male) |
| 3:17 | Create | Villager (Male) |
| 3:36 | Build | Lumber Camp |
| 3:58 | Create | Villager (Male) |
| 3:58 | Create | Villager (Male) |
| 3:58 | Create | Villager (Male) |
| 4:16 | Build | House |
| 4:37 | Create | Villager (Male) |
| 4:47 | Build | House |
| 5:01 | Create | Villager (Male) |
| 5:01 | Create | Villager (Male) |
| 5:01 | Create | Villager (Male) |
| 5:02 | Create | Villager (Male) |
| 5:32 | Build | Mill |
| 5:35 | Create | Villager (Male) |
| 5:35 | Create | Villager (Male) |
| 5:36 | Create | Villager (Male) |
| 5:51 | Create | Villager (Male) |
| 6:16 | Create | Villager (Male) |
| 6:16 | Create | Villager (Male) |
| 7:47 | Build | Mining Camp |
| 8:06 | Research | Feudal Age |
| 8:06 | Research | Feudal Age |
| 8:06 | Research | Feudal Age |
| 8:14 | Create | Villager (Male) |
| 8:14 | Create | Villager (Male) |
| 8:16 | Research | Loom |
| 10:05 | Create | Villager (Male) |
| 10:16 | Age | Feudal Age |
| 10:26 | Build | Market |
| 10:31 | Research | Loom |
| 10:46 | Build | Blacksmith |
| 11:12 | Build | Mining Camp |
| 11:57 | Research | Castle Age |
| 12:06 | Build | Farm |
| 12:17 | Build | Farm |
| 12:20 | Build | Farm |
| 12:58 | Build | House |
| 13:30 | Create | Villager (Male) |
| 14:37 | Age | Castle Age |
| 14:40 | Create | Villager (Male) |
| 14:41 | Create | Villager (Male) |
| 15:01 | Build | Castle |
| 15:15 | Create | Villager (Male) |
| 15:16 | Create | Villager (Male) |
| 15:16 | Create | Villager (Male) |
| 15:49 | Build | Farm |
| 15:50 | Build | Farm |
| 15:51 | Create | Villager (Male) |
| 15:51 | Create | Villager (Male) |
| 15:52 | Create | Villager (Male) |
| 16:29 | Build | Farm |
| 16:29 | Build | Farm |
| 16:29 | Build | Farm |
| 16:30 | Build | Farm |
| 16:33 | Create | Villager (Male) |
| 16:34 | Create | Villager (Male) |
| 16:52 | Create | Conquistador |
| 16:52 | Create | Conquistador |
| 16:52 | Create | Conquistador |
| 17:25 | Create | Conquistador |
| 18:01 | Create | Conquistador |
| 18:01 | Create | Conquistador |
| 18:22 | Build | House |
Build order — Gordon Freeman
35 actions detected in the replay
| 0:01 | Create | Villager (Male) |
| 0:01 | Create | Villager (Male) |
| 0:04 | Build | House |
| 0:05 | Build | House |
| 0:18 | Create | Villager (Male) |
| 0:18 | Create | Villager (Male) |
| 0:33 | Create | Villager (Male) |
| 1:32 | Create | Villager (Male) |
| 2:04 | Build | Lumber Camp |
| 2:24 | Create | Villager (Male) |
| 3:01 | Create | Villager (Male) |
| 3:01 | Create | Villager (Male) |
| 3:30 | Build | House |
| 3:50 | Create | Villager (Male) |
| 4:16 | Create | Villager (Male) |
| 4:46 | Create | Villager (Male) |
| 5:25 | Create | Villager (Male) |
| 5:26 | Research | Loom |
| 6:19 | Build | Town Center |
| 6:26 | Build | Palisade Wall |
| 6:52 | Build | Palisade Wall |
| 6:55 | Build | Palisade Wall |
| 7:17 | Create | Villager (Male) |
| 7:19 | Create | Villager (Male) |
| 7:35 | Build | Palisade Wall |
| 7:36 | Build | Palisade Wall |
| 8:43 | Create | Villager (Male) |
| 9:22 | Build | Palisade Wall |
| 9:30 | Build | Palisade Wall |
| 11:50 | Build | Palisade Wall |
| 12:04 | Build | Palisade Wall |
| 14:45 | Build | Town Center |
| 14:53 | Build | House |
| 18:33 | Build | Mining Camp |
| 19:02 | Build | Lumber Camp |
Build order — Sairax
36 actions detected in the replay
| 0:02 | Create | Villager (Male) ×4 |
| 0:03 | Build | House |
| 0:08 | Build | House |
| 1:25 | Create | Villager (Male) |
| 1:25 | Create | Villager (Male) |
| 1:54 | Create | Villager (Male) |
| 1:55 | Create | Villager (Male) |
| 2:38 | Research | Loom |
| 2:49 | Create | Villager (Male) ×3 |
| 2:49 | Create | Villager (Male) ×3 |
| 2:50 | Create | Villager (Male) ×3 |
| 3:00 | Create | Villager (Male) |
| 3:01 | Create | Villager (Male) |
| 3:07 | Build | Lumber Camp |
| 4:16 | Create | Villager (Male) ×2 |
| 4:16 | Create | Villager (Male) ×2 |
| 4:43 | Build | House |
| 4:45 | Build | House |
| 4:54 | Create | Villager (Male) |
| 5:33 | Build | Mill |
| 6:20 | Create | Villager (Male) |
| 6:45 | Build | Lumber Camp |
| 6:47 | Create | Villager (Male) ×5 |
| 7:52 | Create | Villager (Male) |
| 8:06 | Create | Villager (Male) |
| 8:14 | Build | House |
| 8:36 | Build | House |
| 8:37 | Build | House |
| 8:39 | Create | Villager (Male) |
| 8:52 | Create | Villager (Male) |
| 9:05 | Create | Villager (Male) |
| 9:22 | Create | Villager (Male) |
| 10:06 | Create | Villager (Male) |
| 10:34 | Build | House |
| 10:37 | Build | Palisade Wall |
| 11:00 | Build | Palisade Wall |
Build order — Blackacre_Manor
108 actions detected in the replay
| 0:03 | Create | Villager (Male) ×4 |
| 0:04 | Build | House |
| 0:05 | Build | House |
| 1:32 | Create | Villager (Male) |
| 1:32 | Create | Villager (Male) |
| 2:11 | Build | House |
| 2:21 | Create | Villager (Male) |
| 2:22 | Create | Villager (Male) |
| 2:27 | Build | Mill |
| 2:48 | Create | Villager (Male) |
| 2:49 | Create | Villager (Male) |
| 2:53 | Build | House |
| 3:20 | Create | Villager (Male) |
| 3:20 | Create | Villager (Male) |
| 4:28 | Create | Villager (Male) |
| 4:47 | Create | Villager (Male) |
| 5:07 | Create | Villager (Male) |
| 5:20 | Create | Villager (Male) |
| 5:25 | Build | Mule Cart |
| 5:47 | Create | Villager (Male) |
| 6:13 | Create | Villager (Male) |
| 6:40 | Create | Villager (Male) |
| 7:07 | Create | Villager (Male) |
| 7:44 | Research | Loom |
| 7:50 | Build | Barracks |
| 8:38 | Create | Villager (Male) |
| 8:41 | Research | Feudal Age |
| 8:58 | Build | Outpost |
| 9:01 | Build | Outpost |
| 9:28 | Create | Villager (Male) |
| 9:33 | Build | House |
| 10:25 | Build | Outpost |
| 10:51 | Age | Feudal Age |
| 10:54 | Build | Archery Range |
| 11:01 | Build | Mule Cart |
| 11:03 | Create | Villager (Male) |
| 11:25 | Research | Double-Bit Axe |
| 11:27 | Create | Villager (Male) |
| 11:41 | Build | Farm |
| 11:41 | Build | Farm |
| 11:44 | Build | Farm |
| 11:46 | Build | Farm |
| 11:47 | Create | Villager (Male) |
| 11:52 | Create | Archer |
| 12:01 | Build | House |
| 12:18 | Create | Archer |
| 12:20 | Create | Villager (Male) |
| 12:35 | Build | House |
| 12:39 | Build | House |
| 12:44 | Create | Villager (Male) |
| 12:49 | Create | Archer |
| 12:53 | Research | Gold Mining |
| 12:58 | Build | Farm |
| 12:59 | Build | Farm |
| 12:59 | Build | Farm |
| 13:06 | Create | Spearman |
| 13:10 | Create | Villager (Male) |
| 13:12 | Create | Archer |
| 13:17 | Build | House |
| 13:23 | Build | House |
| 13:41 | Create | Archer |
| 13:45 | Create | Villager (Male) |
| 13:55 | Create | Villager (Male) |
| 13:57 | Build | Farm |
| 14:00 | Build | Farm |
| 14:10 | Create | Villager (Male) |
| 14:27 | Create | Villager (Male) |
| 14:46 | Build | Blacksmith |
| 14:53 | Create | Archer |
| 14:55 | Create | Archer |
| 15:15 | Create | Villager (Male) |
| 15:15 | Create | Archer |
| 15:29 | Create | Villager (Male) |
| 15:47 | Research | Fletching |
| 15:47 | Create | Villager (Male) |
| 16:10 | Create | Villager (Male) |
| 16:14 | Build | House |
| 16:25 | Create | Villager (Male) |
| 16:33 | Build | Archery Range |
| 16:36 | Build | House |
| 16:39 | Build | House |
| 16:42 | Build | Farm |
| 16:45 | Build | Farm |
| 16:48 | Build | Farm |
| 16:51 | Build | Farm |
| 16:53 | Create | Archer |
| 16:57 | Create | Archer |
| 17:20 | Build | Palisade Wall |
| 17:24 | Build | House |
| 17:28 | Build | House |
| 17:29 | Build | House |
| 17:31 | Build | House |
| 17:34 | Create | Villager (Male) |
| 17:40 | Build | House |
| 17:42 | Build | House |
| 17:48 | Build | Farm |
| 17:51 | Create | Villager (Male) |
| 17:59 | Create | Archer |
| 17:59 | Create | Archer |
| 18:10 | Create | Villager (Male) |
| 18:25 | Create | Archer |
| 18:25 | Create | Archer |
| 18:27 | Create | Villager (Male) |
| 18:33 | Build | Farm |
| 18:40 | Build | Farm |
| 18:51 | Create | Archer |
| 18:52 | Create | Archer |
| 19:05 | Build | Farm |
Build order — DSLG zlMataMoscaslz
98 actions detected in the replay
| 0:00 | Create | Villager (Male) |
| 0:01 | Create | Villager (Male) |
| 0:01 | Create | Villager (Male) |
| 0:01 | Create | Villager (Male) |
| 0:02 | Build | House |
| 0:03 | Build | House |
| 0:04 | Create | Villager (Male) |
| 0:19 | Research | Loom |
| 0:20 | Research | Loom |
| 0:20 | Create | Villager (Male) |
| 0:21 | Create | Villager (Male) |
| 0:21 | Create | Villager (Male) |
| 0:21 | Create | Villager (Male) |
| 0:22 | Create | Villager (Male) |
| 1:42 | Create | Villager (Male) |
| 2:24 | Build | House |
| 2:36 | Create | Villager (Male) |
| 2:36 | Create | Villager (Male) |
| 3:07 | Create | Villager (Male) |
| 3:07 | Create | Villager (Male) |
| 3:30 | Create | Villager (Male) |
| 3:55 | Create | Villager (Male) |
| 3:56 | Create | Villager (Male) |
| 4:03 | Build | House |
| 4:04 | Build | House |
| 4:06 | Create | Villager (Male) |
| 4:06 | Create | Villager (Male) |
| 4:22 | Create | Villager (Male) |
| 4:27 | Build | Lumber Camp |
| 4:42 | Create | Villager (Male) |
| 5:19 | Create | Villager (Male) |
| 5:19 | Create | Villager (Male) |
| 5:59 | Create | Villager (Male) |
| 6:01 | Create | Villager (Male) |
| 6:02 | Create | Villager (Male) |
| 6:02 | Create | Villager (Male) |
| 6:02 | Create | Villager (Male) |
| 6:02 | Create | Villager (Male) |
| 6:52 | Create | Villager (Male) |
| 6:53 | Create | Villager (Male) |
| 6:53 | Create | Villager (Male) |
| 7:10 | Create | Villager (Male) |
| 7:19 | Create | Villager (Male) |
| 7:24 | Create | Villager (Male) |
| 7:35 | Create | Villager (Male) |
| 7:39 | Build | House |
| 7:42 | Build | House |
| 7:43 | Build | House |
| 8:27 | Create | Villager (Male) |
| 8:28 | Create | Villager (Male) |
| 8:28 | Create | Villager (Male) |
| 8:36 | Create | Villager (Male) |
| 8:55 | Build | Mining Camp |
| 9:54 | Build | Mill |
| 11:09 | Research | Feudal Age |
| 11:25 | Build | Barracks |
| 11:32 | Build | House |
| 11:33 | Build | House |
| 12:32 | Create | Villager (Male) |
| 12:32 | Create | Villager (Male) |
| 12:34 | Create | Villager (Male) |
| 13:13 | Age | Feudal Age |
| 13:23 | Build | Blacksmith |
| 13:27 | Build | Archery Range |
| 13:50 | Build | Archery Range |
| 14:00 | Build | Archery Range |
| 14:03 | Research | Fletching |
| 14:04 | Research | Padded Archer Armor |
| 14:06 | Create | Villager (Male) |
| 14:25 | Create | Archer ×5 |
| 14:38 | Create | Archer ×3 |
| 14:47 | Create | Archer |
| 15:00 | Create | Archer |
| 15:13 | Create | Archer |
| 15:13 | Create | Archer |
| 15:34 | Create | Archer |
| 15:43 | Create | Villager (Male) |
| 15:43 | Create | Villager (Male) |
| 16:12 | Create | Archer ×2 |
| 16:18 | Research | Double-Bit Axe |
| 16:55 | Create | Archer ×3 |
| 16:55 | Create | Archer ×3 |
| 17:28 | Build | House |
| 17:28 | Build | House |
| 17:29 | Build | House |
| 17:29 | Build | House |
| 17:29 | Build | House |
| 17:30 | Build | House |
| 17:30 | Build | House |
| 17:30 | Build | House |
| 17:41 | Create | Archer ×4 |
| 18:01 | Create | Archer |
| 18:20 | Create | Archer |
| 18:37 | Build | Town Center |
| 18:44 | Create | Archer |
| 18:44 | Create | Archer |
| 19:36 | Create | Archer ×4 |
| 19:37 | Create | Archer ×4 |
Build order — qq26227322qq
110 actions detected in the replay
| 0:02 | Create | Villager (Male) |
| 0:02 | Create | Villager (Male) |
| 0:02 | Create | Villager (Male) |
| 0:03 | Create | Villager (Male) |
| 0:05 | Build | House |
| 0:06 | Build | House |
| 1:27 | Create | Villager (Male) |
| 1:28 | Create | Villager (Male) |
| 2:37 | Create | Villager (Male) |
| 2:37 | Create | Villager (Male) |
| 3:10 | Create | Villager (Male) |
| 3:10 | Create | Villager (Male) |
| 3:11 | Create | Villager (Male) |
| 3:41 | Create | Villager (Male) |
| 3:41 | Create | Villager (Male) |
| 3:41 | Create | Villager (Male) |
| 3:41 | Create | Villager (Male) |
| 3:53 | Create | Villager (Male) |
| 3:53 | Create | Villager (Male) |
| 4:18 | Build | Lumber Camp |
| 4:25 | Create | Villager (Male) |
| 4:25 | Create | Villager (Male) |
| 4:30 | Create | Villager (Male) |
| 4:31 | Create | Villager (Male) |
| 4:31 | Create | Villager (Male) |
| 4:35 | Build | House |
| 5:06 | Create | Villager (Male) |
| 5:07 | Create | Villager (Male) |
| 5:21 | Create | Villager (Male) |
| 5:22 | Create | Villager (Male) |
| 5:22 | Create | Villager (Male) |
| 5:28 | Create | Villager (Male) |
| 5:29 | Create | Villager (Male) |
| 6:26 | Build | Mill |
| 6:35 | Create | Villager (Male) |
| 6:36 | Create | Villager (Male) |
| 6:48 | Build | House |
| 7:02 | Research | Loom |
| 7:15 | Create | Villager (Male) |
| 7:32 | Create | Villager (Male) |
| 8:21 | Create | Villager (Male) |
| 8:21 | Create | Villager (Male) |
| 8:21 | Create | Villager (Male) |
| 8:32 | Build | Farm |
| 8:34 | Build | Farm |
| 8:36 | Build | Farm |
| 8:49 | Build | Farm |
| 9:08 | Create | Villager (Male) |
| 9:38 | Build | Farm |
| 9:48 | Build | Mill |
| 9:58 | Build | Farm |
| 10:40 | Build | House |
| 11:21 | Research | Feudal Age |
| 11:21 | Research | Feudal Age |
| 11:31 | Build | Barracks |
| 11:50 | Build | Mining Camp |
| 12:02 | Build | House |
| 12:28 | Create | Militia |
| 12:28 | Create | Militia |
| 12:29 | Create | Militia |
| 12:31 | Build | House |
| 13:06 | Create | Militia |
| 13:08 | Create | Villager (Male) |
| 13:20 | Build | House |
| 13:26 | Create | Villager (Male) |
| 13:31 | Age | Feudal Age |
| 13:49 | Create | Villager (Male) |
| 13:52 | Build | House |
| 13:56 | Build | House |
| 14:00 | Research | Man-at-Arms (upgrade) |
| 14:08 | Create | Villager (Male) |
| 14:22 | Create | Villager (Male) |
| 14:25 | Create | Villager (Male) |
| 14:36 | Create | Villager (Male) |
| 15:14 | Create | Villager (Male) |
| 15:14 | Create | Villager (Male) |
| 15:17 | Create | Militia |
| 15:17 | Create | Militia |
| 15:17 | Create | Militia |
| 15:27 | Build | Farm |
| 15:37 | Create | Villager (Male) |
| 15:38 | Create | Villager (Male) |
| 15:49 | Create | Villager (Male) |
| 15:49 | Create | Villager (Male) |
| 15:49 | Create | Villager (Male) |
| 16:05 | Create | Villager (Male) |
| 16:06 | Create | Villager (Male) |
| 16:20 | Build | Farm |
| 16:26 | Build | Mining Camp |
| 16:27 | Create | Villager (Male) |
| 16:28 | Create | Villager (Male) |
| 16:30 | Build | Farm |
| 16:51 | Build | Palisade Gate |
| 16:55 | Build | Lumber Camp |
| 17:05 | Build | House |
| 17:39 | Build | Palisade Gate |
| 17:45 | Build | Lumber Camp |
| 18:05 | Build | Farm |
| 18:18 | Build | Farm |
| 18:47 | Build | Farm |
| 18:47 | Build | Farm |
| 18:52 | Research | Double-Bit Axe |
| 18:52 | Research | Double-Bit Axe |
| 19:10 | Create | Villager (Male) |
| 19:11 | Build | Farm |
| 19:32 | Create | Villager (Male) |
| 19:32 | Create | Villager (Male) |
| 19:39 | Build | Farm |
| 19:51 | Build | House |
| 19:53 | Create | Villager (Male) |
Build order — ἈΔΕΛΦΌΣ
104 actions detected in the replay
| 0:02 | Create | Villager (Male) |
| 0:02 | Create | Villager (Male) |
| 0:04 | Build | House |
| 0:06 | Build | House |
| 0:07 | Create | Villager (Male) |
| 0:07 | Create | Villager (Male) |
| 0:07 | Create | Villager (Male) |
| 1:43 | Create | Villager (Male) |
| 2:08 | Create | Villager (Male) |
| 2:34 | Create | Villager (Male) |
| 2:51 | Build | Lumber Camp |
| 3:04 | Create | Villager (Male) |
| 3:35 | Create | Villager (Male) |
| 3:41 | Build | House |
| 3:52 | Build | House |
| 4:03 | Create | Villager (Male) |
| 4:29 | Create | Villager (Male) |
| 4:41 | Build | House |
| 4:56 | Build | Palisade Wall |
| 4:57 | Create | Villager (Male) |
| 5:18 | Create | Villager (Male) |
| 5:19 | Create | Villager (Male) |
| 5:50 | Create | Villager (Male) |
| 6:36 | Create | Villager (Male) |
| 6:39 | Build | Palisade Wall |
| 6:44 | Build | Palisade Wall |
| 6:47 | Build | Palisade Wall |
| 6:57 | Build | Palisade Wall |
| 6:58 | Build | Palisade Wall |
| 7:00 | Build | Palisade Wall |
| 7:05 | Build | Palisade Wall |
| 7:08 | Create | Villager (Male) |
| 7:40 | Create | Villager (Male) |
| 7:43 | Create | Villager (Male) |
| 7:45 | Create | Villager (Male) |
| 7:47 | Research | Double-Bit Axe |
| 8:05 | Build | Palisade Wall |
| 8:08 | Build | Palisade Wall |
| 8:09 | Build | Palisade Wall |
| 8:13 | Build | Palisade Wall |
| 8:28 | Build | House |
| 8:55 | Create | Villager (Male) |
| 9:22 | Create | Villager (Male) |
| 9:31 | Build | Palisade Wall |
| 9:51 | Build | Mining Camp |
| 10:02 | Create | Villager (Male) |
| 10:23 | Build | Palisade Wall |
| 10:29 | Research | Feudal Age |
| 10:36 | Build | Mill |
| 11:12 | Build | House |
| 11:30 | Build | Farm |
| 11:31 | Build | Farm |
| 11:32 | Build | Farm |
| 11:33 | Build | Farm |
| 11:35 | Research | Horse Collar |
| 12:09 | Build | Farm |
| 12:10 | Build | Farm |
| 12:11 | Build | Farm |
| 12:16 | Build | Farm |
| 12:17 | Build | Farm |
| 12:18 | Build | Farm |
| 12:22 | Build | Farm |
| 12:25 | Build | Farm |
| 12:39 | Age | Feudal Age |
| 12:41 | Create | Villager (Male) |
| 12:41 | Create | Villager (Male) |
| 12:49 | Build | Market |
| 12:56 | Build | Blacksmith |
| 13:35 | Build | Palisade Wall |
| 13:46 | Research | Loom |
| 14:28 | Research | Castle Age |
| 15:05 | Research | Scale Barding Armor |
| 15:46 | Build | Palisade Gate |
| 15:59 | Build | Barracks |
| 16:10 | Create | Villager (Male) |
| 16:10 | Create | Villager (Male) |
| 16:13 | Research | Forging |
| 16:28 | Build | Palisade Wall |
| 16:31 | Build | Palisade Wall |
| 16:33 | Build | Palisade Wall |
| 16:35 | Build | Palisade Wall |
| 16:38 | Build | Palisade Wall |
| 16:55 | Build | Stable |
| 17:08 | Age | Castle Age |
| 17:17 | Research | Chain Barding Armor |
| 17:54 | Build | Stable |
| 17:59 | Build | House |
| 18:05 | Build | House |
| 18:06 | Research | Cavalier (upgrade) |
| 18:08 | Research | Husbandry |
| 18:19 | Create | Villager (Male) |
| 18:19 | Create | Villager (Male) |
| 18:49 | Build | Mining Camp |
| 18:52 | Create | Villager (Male) |
| 19:09 | Create | Knight |
| 19:09 | Create | Knight |
| 19:14 | Create | Villager (Male) |
| 19:24 | Build | Farm |
| 19:24 | Build | Farm |
| 19:31 | Build | Farm |
| 19:32 | Build | Farm |
| 19:37 | Create | Villager (Male) |
| 19:52 | Create | Knight |
| 19:52 | Create | Knight |
Build order — How you doin'
47 actions detected in the replay
| 0:02 | Create | Villager (Male) |
| 0:02 | Create | Villager (Male) |
| 0:04 | Build | House |
| 0:08 | Build | House |
| 0:32 | Create | Villager (Male) |
| 0:32 | Create | Villager (Male) |
| 0:33 | Create | Villager (Male) |
| 0:33 | Create | Villager (Male) |
| 1:27 | Create | Villager (Male) |
| 1:27 | Create | Villager (Male) |
| 2:09 | Create | Villager (Male) |
| 2:10 | Create | Villager (Male) |
| 2:12 | Build | Lumber Camp |
| 2:36 | Create | Villager (Male) |
| 2:36 | Create | Villager (Male) |
| 3:08 | Create | Villager (Male) |
| 3:30 | Create | Villager (Male) |
| 3:31 | Create | Villager (Male) |
| 4:09 | Build | House |
| 4:28 | Create | Villager (Male) |
| 4:28 | Create | Villager (Male) |
| 4:33 | Build | Mill |
| 4:44 | Build | House |
| 5:13 | Build | House |
| 5:19 | Create | Villager (Male) |
| 5:20 | Create | Villager (Male) |
| 5:22 | Build | Farm |
| 6:02 | Create | Villager (Male) |
| 6:02 | Create | Villager (Male) |
| 6:52 | Create | Villager (Male) |
| 6:52 | Create | Villager (Male) |
| 6:56 | Create | Villager (Male) |
| 6:57 | Create | Villager (Male) |
| 8:37 | Create | Villager (Male) |
| 8:38 | Create | Villager (Male) |
| 9:10 | Build | Mining Camp |
| 9:19 | Build | Palisade Wall |
| 9:32 | Create | Villager (Male) |
| 9:38 | Build | Mining Camp |
| 9:41 | Build | Farm |
| 10:01 | Research | Feudal Age |
| 10:03 | Research | Loom |
| 10:04 | Research | Feudal Age |
| 11:32 | Build | Farm |
| 11:32 | Create | Villager (Male) |
| 11:33 | Create | Villager (Male) |
| 12:38 | Age | Feudal Age |
Match timeline
| 4:56 | ἈΔΕΛΦΌΣ · wall_segment Palisade Wall x10 |
| 6:26 | Gordon Freeman · wall_segment Palisade Wall x1 |
| 6:39 | ἈΔΕΛΦΌΣ · wall_segment Palisade Wall x1 |
| 6:44 | ἈΔΕΛΦΌΣ · wall_segment Palisade Wall x1 |
| 6:47 | ἈΔΕΛΦΌΣ · wall_segment Palisade Wall x1 |
| 6:52 | Gordon Freeman · wall_segment Palisade Wall x2 |
| 6:55 | Gordon Freeman · wall_segment Palisade Wall x3 |
| 6:57 | ἈΔΕΛΦΌΣ · wall_segment Palisade Wall x1 |
| 6:58 | ἈΔΕΛΦΌΣ · wall_segment Palisade Wall x1 |
| 7:00 | ἈΔΕΛΦΌΣ · wall_segment Palisade Wall x1 |
| 7:05 | ἈΔΕΛΦΌΣ · wall_segment Palisade Wall x1 |
| 7:35 | Gordon Freeman · wall_segment Palisade Wall x4 |
| 7:36 | Gordon Freeman · wall_segment Palisade Wall x2 |
| 7:50 | Blackacre_Manor · first_building Barracks |
| 8:05 | ἈΔΕΛΦΌΣ · wall_segment Palisade Wall x1 |
| 8:08 | ἈΔΕΛΦΌΣ · wall_segment Palisade Wall x1 |
| 8:09 | ἈΔΕΛΦΌΣ · wall_segment Palisade Wall x1 |
| 8:13 | ἈΔΕΛΦΌΣ · wall_segment Palisade Wall x6 |
| 9:19 | How you doin' · wall_segment Palisade Wall x9 |
| 9:22 | Gordon Freeman · wall_segment Palisade Wall x1 |
| 9:30 | Gordon Freeman · wall_segment Palisade Wall x1 |
| 9:31 | ἈΔΕΛΦΌΣ · wall_segment Palisade Wall x5 |
| 10:16 | a110919682530a · age_up feudal |
| 10:23 | ἈΔΕΛΦΌΣ · wall_segment Palisade Wall x13 |
| 10:37 | Sairax · wall_segment Palisade Wall x1 |
| 10:51 | Blackacre_Manor · age_up feudal |
| 10:54 | Blackacre_Manor · first_building Archery Range |
| 11:00 | Sairax · wall_segment Palisade Wall x1 |
| 11:25 | DSLG zlMataMoscaslz · first_building Barracks |
| 11:31 | qq26227322qq · first_building Barracks |
| 11:50 | Gordon Freeman · wall_segment Palisade Wall x1 |
| 12:04 | Gordon Freeman · wall_segment Palisade Wall x1 |
| 12:16 | Sairax · resign |
| 12:38 | How you doin' · age_up feudal |
| 12:39 | ἈΔΕΛΦΌΣ · age_up feudal |
| 13:13 | DSLG zlMataMoscaslz · age_up feudal |
| 13:27 | DSLG zlMataMoscaslz · first_building Archery Range |
| 13:31 | qq26227322qq · age_up feudal |
| 13:35 | ἈΔΕΛΦΌΣ · wall_segment Palisade Wall x1 |
| 13:59 | ἈΔΕΛΦΌΣ · first_market_sell 100 stone |
| 14:01 | ἈΔΕΛΦΌΣ · first_market_buy 100 food |
| 14:37 | a110919682530a · age_up castle |
| 15:01 | a110919682530a · first_building Castle |
| 15:59 | ἈΔΕΛΦΌΣ · first_building Barracks |
| 16:28 | ἈΔΕΛΦΌΣ · wall_segment Palisade Wall x1 |
| 16:31 | ἈΔΕΛΦΌΣ · wall_segment Palisade Wall x1 |
| 16:33 | ἈΔΕΛΦΌΣ · wall_segment Palisade Wall x1 |
| 16:35 | ἈΔΕΛΦΌΣ · wall_segment Palisade Wall x1 |
| 16:38 | ἈΔΕΛΦΌΣ · wall_segment Palisade Wall x1 |
| 16:55 | ἈΔΕΛΦΌΣ · first_building Stable |
| 17:08 | ἈΔΕΛΦΌΣ · age_up castle |
| 17:20 | Blackacre_Manor · wall_segment Palisade Wall x1 |
[ AI ANALYSIS · 1 CREDIT ]
What really happened in this match?
Wolo.gg analyzes every decision: build order, eco, micro, common mistakes by bracket. Personalized analysis on WhatsApp or Discord in 30 seconds.
Civ guide
Spanish
Perfil
Jugador #789513